[Event "Yingmei CHN-chT 2018"]
[Site "Shenzhen"]
[Date "2018.04.14"]
[Round "4"]
[White "Wang, Jue"]
[Black "Vo, Thi Kim Phung"]
[Result "1/2-1/2"]
[ECO "C19"]
[WhiteElo "2365"]
[BlackElo "2393"]
[Annotator "NA RC"]
[PlyCount "66"]
[EventDate "2018.??.??"]
[EventCountry "CHN"]
[SourceTitle "playchess.com"]
[Source "ChessBase"]
[SourceQuality "1"]
[TimeControl "5400+30"]

1. e4 e6 2. d4 d5 3. Nc3 Bb4 4. e5 c5 5. a3 Bxc3+ 6. bxc3 Ne7 7. Nf3 h6 8. Bd3 {C19: French: 3 Nc3 Bb4: Main line: 7 Nf3 and 7 a4} (8. a4 b6 9. Bb5+ Bd7 10. O-O Bxb5 11. axb5 Nd7 12. Qe2 Qc7 13. Ba3 O-O 14. c4 dxc4 15. Qxc4 Rfc8 16. Qe2 Ng6 17. c3 Qb7 18. Qe3 a6 19. dxc5 Nxc5 20. Bxc5 Rxc5 21. bxa6 Rxa6 {0-1 (65) Akopian,V (2648)-Naumann,A (2545) Berlin 2015}) 8... b6 9. O-O c4 10. Be2 Bd7 $146 ({Predecessor:} 10... Nd7 11. Ne1 Nf8 12. f4 Nf5 13. Nf3 Ng6 14. Qe1 Bd7 15. a4 h5 16. Ng5 {1-0 (25) Carrasco de Budinic,B-Guerra,M Sao Paulo 1960}) 11. Qd2 Ba4 12. Bd1 Kd7 13. Qf4 Qg8 14. h4 Nbc6 15. h5 Rf8 16. Ra2 Qh7 17. Qh2 Kc7 18. Bf4 Kb7 19. Re1 Rhg8 20. Nd2 a6 21. Nf1 Na7 22. Bd2 Nb5 23. Ne3 Nc6 24. Rf1 $11 Nc7 25. f4 f5 26. Bf3 Rd8 27. Rb1 Ka7 28. Rab2 Rb8 29. Kf2 Rgf8 30. Qh4 Rf7 31. Qh1 Qg8 32. Qf1 Na5 33. Qe2 Qd8 1/2-1/2

[Event "Yingmei CHN-chT 2018"]
[Site "Shenzhen"]
[Date "2018.04.14"]
[Round "4"]
[White "Ren, Xiaoyi"]
[Black "Li, Xueyi"]
[Result "1/2-1/2"]
[ECO "D46"]
[WhiteElo "2263"]
[BlackElo "2275"]
[Annotator "NA RC"]
[PlyCount "60"]
[EventDate "2018.??.??"]
[EventCountry "CHN"]
[SourceTitle "playchess.com"]
[Source "ChessBase"]
[SourceQuality "1"]
[TimeControl "5400+30"]

1. d4 d5 2. c4 c6 3. Nf3 Nf6 4. Nc3 e6 5. e3 Nbd7 6. Qc2 Bd6 7. Bd3 O-O 8. O-O e5 9. cxd5 cxd5 10. e4 exd4 11. Nxd5 Nxd5 12. exd5 h6 13. Nxd4 Qh4 {D46: Semi-Slav: 5 e3 Nbd7 6 Bd3, Black avoids the Meran} 14. Nf3 Qh5 $1 {LiveBook: 59 Games} 15. Bh7+ Kh8 16. Qf5 Qxf5 17. Bxf5 Nf6 18. Bxc8 (18. Bd3 Bg4 19. Rd1 Rac8 20. h3 Bxf3 21. gxf3 {½-½ (32) Wang,H (2690)-Ding,L (2759) China 2017}) 18... Rfxc8 19. Rd1 Rd8 20. Be3 Bf8 {[#]} {Find the theoretical novelty and annotate with similar games:} 21. d6 $146 Rxd6 22. Rxd6 Bxd6 {½-½ (32) Gustafsson,J (2629)-Van Wely,L (2654) Bangkok 2016} 23. Rd1 Bc7 24. h3 a6 25. Kf1 Kg8 26. Rc1 Bd6 27. Rd1 Bc7 $11 28. Rc1 Bd6 29. Rd1 Bc7 30. Rc1 Bd6 1/2-1/2